 Dungeon Crawl Stone Soup version 0.18.1-8-gdd0e5ea (webtiles) character file.

2085 GordonOverkill the Destroyer (level 9, 0/62 HPs)
             Began as a Purple Draconian Fire Elementalist on May 27, 2016.
             Was an Initiate of Vehumet.
             Slain by an orc
             ... wielding a +0 war axe
              (8 damage)
             ... on level 6 of the Dungeon on May 29, 2016.
             The game lasted 00:28:41 (8025 turns).

GordonOverkill the Destroyer (DrFE)                 Turns: 8025, Time: 00:28:41

Health: 0/62       AC:  9    Str: 12    XL:     9   Next: 6%
Magic:  2/12       EV: 12    Int: 18    God:    Vehumet [......]
Gold:   443        SH:  0    Dex: 11    Spells: 3 memorised, 4 levels left

rFire  + . .     SeeInvis .     r - +7 mace of Defiance {pain, rN+}
rCold  . . .     Gourm    .     (armour unavailable)
rNeg   + . .     Faith    .     (no shield)
rPois  .         Spirit   .     (helmet restricted)
rElec  .         Dismiss  .     v - +0 cloak
rCorr  +         Reflect  .     p - +0 pair of gloves
SustAt .         Harm     .     (no boots)
MR     +....                    (no amulet)
Stlth  ++........               l - ring of protection from fire
                                g - ring of resist corrosion

@: lethally poisoned (0 -> -5), somewhat resistant to hostile enchantments,
unstealthy
A: breathe power, unfitting armour, cold-blooded, AC +7
a: Breathe Dispelling Energy, Renounce Religion


You were on level 6 of the Dungeon.
You worshipped Vehumet.
Vehumet was noncommittal.
You were hungry.

You visited 2 branches of the dungeon, and saw 7 of its levels.
You also visited: Ossuary.

You collected 443 gold pieces.

Inventory:

Hand Weapons
 r - the +7 mace of Defiance (weapon) {pain, rN+}
   (You found it on level 5 of the Dungeon)

   In the hands of one skilled in necromantic magic, it inflicts extra damage on
   living creatures.
   It protects you from negative energy.
Armour
 p - a +0 pair of gloves (worn)
 v - a +0 cloak (worn)
Jewellery
 g - a ring of resist corrosion (left hand)
 l - a ring of protection from fire (right hand)
Wands
 f - a wand of flame (29/48)
 w - a wand of paralysis (19/24)
Scrolls
 d - 5 scrolls of remove curse
 j - a scroll of fog
 m - 2 scrolls of teleportation
 s - a scroll of blinking
 y - a scroll of fear {unknown}
 A - a scroll of recharging
Potions
 c - 4 potions of curing
 e - a potion of invisibility
 h - 2 potions of flight {unknown}
 i - 3 potions of heal wounds {unknown}
 k - 2 potions of agility {unknown}
 o - a potion of haste {unknown}
 q - 2 potions of degeneration
 t - a potion of beneficial mutation {unknown}
 x - a potion of might {unknown}
 z - a potion of experience {unknown}
Books
 a - a book of Flames

   Spells                             Type                      Level
   a - Flame Tongue                   Conjuration/Fire             1
   b - Throw Flame                    Conjuration/Fire             2
   c - Conjure Flame                  Conjuration/Fire             3
   d - Inner Flame                    Hexes/Fire                   3
   e - Sticky Flame                   Conjuration/Fire             4
   f - Fireball                       Conjuration/Fire             5
Comestibles
 b - 5 bread rations
 n - 2 beef jerkies
 u - 4 chunks of flesh


   Skills:
 - Level 1.7 Dodging
 - Level 1.7 Stealth
 - Level 2.4 Spellcasting
 + Level 9.2 Conjurations
 - Level 8.2 Fire Magic


You had 4 spell levels left.
You knew the following spells:

 Your Spells              Type           Power        Failure   Level  Hunger
a - Flame Tongue          Conj/Fire      ####.        1%          1    #......
b - Conjure Flame         Conj/Fire      ####....     1%          3    ###....
c - Sticky Flame          Conj/Fire      ####....     6%          4    #####..


Dungeon Overview and Level Annotations

Branches:
Dungeon (6/15)             Temple (1/1) D:5

Altars:
Ashenzari
Cheibriados
Elyvilon
Gozag
Kikubaaqudgha
Nemelex Xobeh
Pakellas
Qazlal
Ru
Sif Muna
Trog
Vehumet
Xom
Yredelemnul
Zin
The Shining One

Shops:
D:4 }


Innate Abilities, Weirdness & Mutations

You can breathe bolts of dispelling energy.
Your rich purple scales are hard (AC +7).
Your body does not fit into most forms of armour.
You are cold-blooded and may be slowed by cold attacks.


Message History

You feel sick.
The orc burns!
You kill the orc!
Vehumet accepts your kill.
You feel sick.
Things that are here:
a mace; an orc corpse You hit the orc priest but do no damage.
You feel sick. The orc hits you but does no damage.
The orc priest invokes the aid of Beogh against you.
Beogh smites you!
* * * LOW HITPOINT WARNING * * *
You hit the orc priest.
Your tail-slap misses the orc priest.
The orc priest is lightly wounded.
You feel sick.
The orc priest hits you but does no damage.
The orc misses you. The orc priest closely misses you.
You hit the orc priest but do no damage.
The orc priest is lightly wounded.
You feel sick. The orc hits you with a war axe!
You die...

#. #.# #.# #.# #.# #.# #.#.. #.#
#.#.# #.# #.#.#
#########.#######.######.#.#
#.......#.....@o#.....##.#.#
###+#####)#######o#.###.##.#.####
#.....# #.#### #.#o.o..o..#....#
#.....###....####)#.###....'....#
#.....'.............# ######.....
#.....######.####.### ###o..
#.....######.# #.# .o.
####.......#.# #.# ...
#.'.......#.# #.# ...


You could see an orc priest and an orc.

Vanquished Creatures
  Grinder (D:5)
  Sigmund (D:4)
  Menkaure (D:6)
  A sky beast (D:6)
  An ice beast (D:5)
  3 ogres
  An orc warrior (D:6)
  2 scorpions (D:5)
  3 giant frog zombies
  2 centaur zombies
  A human zombie (Ossuary)
  A hound (D:4)
  2 orc wizards (D:3)
  An orc priest (D:5)
  4 centaur skeletons
  Ijyb (D:2)
  Jessica (D:2)
  A giant frog skeleton (D:6)
  Terence (D:1)
  3 iguanas
  A worker ant (D:5)
  A hound zombie (D:4)
  3 mummies (Ossuary)
  2 worker ant zombies (D:4)
  10 adders
  3 gnolls (D:6)
  A howler monkey skeleton (D:5)
  7 adder zombies
  5 worms
  A dart slug (D:2)
  9 giant geckos
  8 orcs
  5 giant cockroaches
  A gnoll zombie (Ossuary)
  9 goblins
  6 hobgoblins
  13 jackals
  2 quokkas
  2 ball pythons
  4 bats
  2 giant cockroach zombies (D:4)
  A giant gecko skeleton (D:4)
  A giant gecko zombie (D:4)
  4 giant newts
  2 hobgoblin zombies (Ossuary)
  A jackal skeleton (D:4)
  5 kobolds
  3 kobold zombies (Ossuary)
  6 quokka zombies
  5 rats (D:2)
  4 rat zombies
159 creatures vanquished.

Vanquished Creatures (others)
  An iguana (D:5)
1 creature vanquished.

Grand Total: 160 creatures vanquished

Notes
Turn   | Place    | Note
--------------------------------------------------------------
     0 | D:1      | GordonOverkill the Draconian Fire Elementalist began the quest for the Orb.
     0 | D:1      | Reached XP level 1. HP: 14/14 MP: 3/3
   337 | D:1      | Reached skill level 2 in Conjurations
   340 | D:1      | Reached XP level 2. HP: 16/20 MP: 0/5
  1084 | D:2      | Reached skill level 3 in Conjurations
  1084 | D:2      | Reached XP level 3. HP: 23/26 MP: 1/6
  1087 | D:2      | Noticed Jessica
  1092 | D:2      | Killed Jessica
  1175 | D:2      | Reached XP level 4. HP: 18/33 MP: 0/7
  1275 | D:2      | Noticed Terence
  1310 | D:1      | Killed Terence
  1310 | D:1      | Reached skill level 4 in Conjurations
  1616 | D:2      | Noticed Ijyb
  1630 | D:2      | Killed Ijyb
  1802 | D:2      | Reached XP level 5. HP: 38/38 MP: 3/8
  2093 | D:2      | Learned a level 3 spell: Conjure Flame
  2098 | D:2      | Learned a level 4 spell: Sticky Flame
  2507 | D:3      | Found a shattered altar of Ashenzari.
  2913 | D:3      | Reached skill level 5 in Fire Magic
  3201 | D:3      | Found a white marble altar of Elyvilon.
  3267 | D:3      | Found a faded altar to an unknown god.
  3273 | D:3      | Reached XP level 6. HP: 45/45 MP: 7/9
  3515 | D:4      | Noticed Sigmund
  3946 | D:4      | Found an opulent altar of Gozag.
  4100 | D:4      | Found Tyup's Gadget Shop.
  4206 | D:4      | Your scales start taking on a rich purple colour.
  4206 | D:4      | Reached XP level 7. HP: 48/50 MP: 4/10
  5062 | D:4      | Killed Sigmund
  5188 | D:5      | Entered Level 5 of the Dungeon
  5214 | D:5      | Found an oddly glowing altar of Pakellas.
  5215 | D:5      | Noticed an orange crystal statue
  5284 | D:5      | Found a bloodstained altar of Trog.
  5358 | D:5      | Found a sand-covered staircase.
  5382 | Ossuary  | Entered an ossuary
  5659 | Ossuary  | Reached skill level 5 in Conjurations
  5914 | Ossuary  | Reached XP level 8. HP: 53/57 MP: 11/11
  6256 | D:5      | Reached skill level 6 in Conjurations
  6607 | D:5      | Reached skill level 7 in Conjurations
  6696 | D:5      | Found a staircase to the Ecumenical Temple.
  6706 | Temple   | Entered the Ecumenical Temple
  6729 | Temple   | Became a worshipper of Vehumet
  6827 | D:5      | Got a scorched mace
  6828 | D:5      | Identified the +7 mace of Defiance {pain, rN+} (You found it on level 5 of the Dungeon)
  6849 | D:5      | Noticed Grinder
  6861 | D:5      | Killed Grinder
  7270 | D:6      | Found a sacrificial altar of Ru.
  7270 | D:6      | Noticed Menkaure
  7273 | D:6      | Killed Menkaure
  7273 | D:6      | Reached skill level 8 in Conjurations
  7876 | D:6      | Reached skill level 9 in Conjurations
  7876 | D:6      | Reached XP level 9. HP: 62/62 MP: 0/12
  8025 | D:6      | Slain by an orc

Skill      XL: |  1  2  3  4  5  6  7  8 |
---------------+-------------------------+-----
Conjurations   | 2 3 4 5 9 |  9.2
Fire Magic     | 5 6 8 |  8.2
Dodging        | |  1.7
Stealth        | |  1.7
Spellcasting   | |  2.4

Action                   |  1- 3 |  4- 6 |  7- 9 || total
-------------------------+-------+-------+-------++-------
Melee: Club              |    44 |    21 |       ||    65
       Tailslap          |     2 |    13 |    18 ||    33
       Whip              |       |    63 |   135 ||   198
       Mace              |       |       |    45 ||    45
 Cast: Flame Tongue      |    36 |   119 |    84 ||   239
       Sticky Flame      |       |     8 |    21 ||    29
       Conjure Flame     |       |     1 |       ||     1
Evoke: Wand              |       |       |     7 ||     7
  Use: Scroll            |       |       |    12 ||    12
       Potion            |       |       |     1 ||     1
  Eat: Chunk             |     1 |    14 |    13 ||    28
       Meat ration       |       |       |     1 ||     1
Armor: Skin              |    33 |    34 |    81 ||   148
Dodge: Dodged            |    65 |    89 |   127 ||   281
